 Dungeon Crawl Stone Soup version 0.27-a0-364-g31b3477d74 (webtiles) character file.

Game seed: 17168965819640568826

15606 sanka the Martial Artist (level 12, -2/88 HPs)
             Began as a Vampire Transmuter on Feb 16, 2021.
             Was a High Priest of Okawaru.
             Engulfed by an ice statue's freezing vapour (20 damage)
             ... in an ice cave.
             The game lasted 00:32:00 (12898 turns).

sanka the Martial Artist (Vampire Transmuter)      Turns: 12898, Time: 00:32:01

Health: -2/88      AC:  2    Str: 15    XL:     12   Next: 2%
Magic:  16/21      EV: 37    Int: 21    God:    Okawaru [*****.]
Gold:   716        SH:  0    Dex: 25    Spells: 5/23 levels left

rFire    . . .     SeeInvis +     - Unarmed
rCold    . . .     Faith    .   (shield currently unavailable)
rNeg     . . .     Spirit   .   (armour currently unavailable)
rPois    x         Reflect  .   (helmet currently unavailable)
rElec    .         Harm     .   (cloak currently unavailable)
rCorr    .         Rampage  .   (gloves currently unavailable)
Will     +....                  (boots currently unavailable)
Stlth    ++........             T - amulet of regeneration
HPRegen  1.44/turn              m - +6 ring of strength
MPRegen  0.17/turn              N - +6 ring of intelligence

@: spider-form, regenerating quickly
A: tiny, see invisible
a: Exsanguinate, End Transformation, Renounce Religion, Heroism, Finesse


You were in an ice cave.
You worshipped Okawaru.
Okawaru was extremely pleased with you.
You were a venomous arachnid creature.
You visited 2 branches of the dungeon, and saw 12 of its levels.
You also visited: Ossuary, Bailey and Ice Cave.

You collected 925 gold pieces.
You spent 209 gold pieces at shops.


Innate Abilities, Weirdness & Mutations

Your natural rate of healing is unusually fast.
((You have razor-sharp teeth.))
You have supernaturally acute eyesight. (SInv)
((You can survive without breathing.))


   Skills:
 - Level 6.0 Fighting
 + Level 11.0 Dodging
 + Level 11.7 Unarmed Combat
 - Level 6.0 Spellcasting
 + Level 8.9 Transmutations
 - Level 4.0 Poison Magic
 - Level 4.0 Invocations


You had 5 spell levels left.
You knew the following spells:

 Your Spells              Type           Power        Failure   Level
a - Ozocubu's Armour      Ice            6%           50%         3
c - Blade Hands           Tmut           21%          19%         5
e - Apportation           Tloc           12%          24%         1
u - Frozen Ramparts       Ice            12%          50%         3
x - Beastly Appendage     Tmut           86%          2%          1
y - Wereblood             Tmut           43%          3%          2
z - Spider Form           Tmut/Pois      16%          8%          3

Your spell library contained the following spells:

 Spells                   Type           Power        Failure   Level
 Animate Skeleton         Necr           12%          24%         1
 Corona                   Hex            6%           24%         1
 Freeze                   Ice            24%          24%         1
 Summon Small Mammal      Summ           24%          24%         1
 Ensorcelled Hibernation  Hex/Ice        12%          32%         2
 Slow                     Hex            6%           32%         2
 Ice Form                 Ice/Tmut       25%          34%         4
 Alistair's Intoxication  Tmut/Pois      22%          38%         5
 Confusing Touch          Hex            6%           50%         3
 Dazzling Flash           Conj/Hex       12%          50%         3
 Inner Flame              Hex/Fire       6%           50%         3
 Lesser Beckoning         Tloc           3%           50%         3
 Portal Projectile        Hex/Tloc       12%          50%         3
 Tukima's Dance           Hex            6%           50%         3
 Cause Fear               Hex            3%           85%         4
 Hailstorm                Conj/Ice       6%           85%         4
 Leda's Liquefaction      Hex/Erth       3%           85%         4
 Summon Ice Beast         Ice/Summ       6%           85%         4
 Invisibility             Hex            6%           100%        6

Inventory:

Hand Weapons
 W - the +12 arbalest of Xirui {elec, rElec rF+}

   It charges the ammunition it shoots with electricity; occasionally upon a
   hit, such missiles may discharge and cause terrible harm.
   It protects you from fire.
   It insulates you from electricity.
Missiles
 r - 2 throwing nets (quivered) {=f}
Armour
 c - a +0 helmet (melded)
 j - a +0 pair of gloves (melded)
 k - a +0 cloak (melded)
 n - a +0 pair of boots (melded)
 G - a +2 leather armour of positive energy (melded)
Jewellery
 m - a +6 ring of strength (left front leg)
 s - a ring of protection from fire
 u - the amulet "Tupeceen" {*Slow rElec rPois rN+++ Regen+}

   [amulet of regeneration]

   It insulates you from electricity.
   It protects you from poison.
   It renders you almost immune to negative energy.
   It increases your rate of regeneration.
   It may slow you when you take damage.
 x - a ring of resist corrosion
 A - a ring of protection from fire
 N - a +6 ring of intelligence (right front leg)
 O - an amulet of guardian spirit
 S - a ring of poison resistance
 T - an amulet of regeneration (around neck)
Wands
 a - a wand of iceblast (5)
 l - a wand of acid (7)
 y - a wand of digging (10)
 F - a wand of paralysis (21)
 L - a wand of polymorph (9)
Scrolls
 d - 11 scrolls of teleportation {@r4}
 e - 3 scrolls of fear
 i - 4 scrolls of enchant armour
 o - 2 scrolls of immolation {!r}
 q - 2 scrolls of fog
 B - 2 scrolls of amnesia
 D - a scroll of blinking
 E - a scroll of magic mapping
 H - a scroll of brand weapon
 M - a scroll of silence {!r}
 P - 4 scrolls of enchant weapon {unknown}
 Q - a scroll of acquirement {unknown}
Potions
 b - 4 potions of ambrosia {unknown}
 f - 5 potions of lignification {unknown}
 g - 4 potions of magic {unknown}
 h - 3 potions of might
 p - 4 potions of invisibility {unknown}
 t - a potion of degeneration {unknown}
 v - a potion of haste {@q3}
 w - 2 potions of cancellation {unknown}
 z - 5 potions of heal wounds {@q2}
 C - 5 potions of curing {@q1}
 I - 3 potions of attraction {unknown}
 J - 5 potions of brilliance
 K - a potion of berserk rage {unknown}
 R - a potion of experience {unknown}
 V - a potion of flight {unknown}
Miscellaneous
 U - a lightning rod (4/4)

Dungeon Overview and Level Annotations

Branches:
Dungeon (11/15)            Temple (0/1) D:6            Lair (1/6) D:10
    Orc (0/2) D:10        Ossuary (visited)          Bailey (visited)
  IceCv (1/1)

Altars:
Fedhas
Gozag
Okawaru
Sif Muna
Trog
Uskayaw
Xom

Shops:
D:6 ?

Annotations:
IceCv exclusion: ice statue

▒▒▒ ▒▒..▒ ▒▒....▒
▒......▒▒ ........▒▒ ▒▒▒▒
.....☼YY8▒ ▒▒▒▒ ▒▒..▒▒
......☼s▒▒▒▒..▒▒▒▒▒....▒
.......Y§°▒▒....▒▒.......
..........°...▒.......∩.∩.
.............▒▒▒..........
▒.........▒▒▒▒....▒▒....▒
▒........▒▒ ▒▒.▒▒▒▒▒▒..▒▒
▒........▒ ▒.▒.▒ ▒▒▒▒
▒.......▒ ▒▒.▒▒ ▒▒.....▒▒
▒..▒


You could see an ice statue and 3 ice beasts.


Message History

You are engulfed in freezing vapours.
The ice beast misses you.
The ice statue gestures.
Unknown command.
You maul the ice statue!!
The ice statue is moderately damaged.
You are engulfed in freezing vapours.
The ice beast completely misses you. The ice beast misses you.
Unknown command.
You bite the ice statue!
The ice statue is heavily damaged.
You are engulfed in freezing vapours.
The ice beast completely misses you. The ice beast completely misses you.
Unknown command.
You hit the ice statue.
The ice statue is heavily damaged.
You are engulfed in freezing vapours.
* * * LOW HITPOINT WARNING * * *
The ice beast hits you.
* * * LOW HITPOINT WARNING * * *
The ice beast freezes you!
* * * LOW HITPOINT WARNING * * *
The ice beast completely misses you.
Your magical contamination has completely faded away.
You bite the ice beast!
The ice beast is moderately wounded.
You are engulfed in freezing vapours.
You die...

Action                   |  1- 3 |  4- 6 |  7- 9 | 10-12 || total
-------------------------+-------+-------+-------+-------++-------
Melee: Unarmed           |   117 |   108 |   554 |   606 ||  1385
       Kick              |     7 |     1 |       |       ||     8
       Bite              |     6 |    12 |    24 |    11 ||    53
       Headbutt          |     3 |     1 |       |       ||     4
       Punch             |     2 |     7 |    11 |     6 ||    26
Throw: Boomerang         |       |       |       |    22 ||    22
 Cast: Beastly Appendage |     6 |     2 |       |     1 ||     9
       Spider Form       |     1 |     4 |    47 |    50 ||   102
Invok: Heroism           |       |       |     3 |    14 ||    17
Evoke: Wand              |       |       |       |     4 ||     4
  Use: Scroll            |       |       |     5 |     9 ||    14
       Potion            |       |       |       |     1 ||     1
 Stab: Sleeping          |     2 |     1 |     6 |     4 ||    13
       Distracted        |       |       |     1 |       ||     1
Armor: Robe              |    13 |    16 |    29 |     5 ||    63
       Skin              |       |       |     7 |     6 ||    13
       Leather armour    |       |       |       |    19 ||    19
Dodge: Dodged            |    60 |    62 |   411 |   711 ||  1244

Levels and vault maps discovered:
D:1:      tarquinn_simple_flora_water_a, layout_basic
D:2:      layout_loops_ring, lemuel_round_altar, serial_park_tiny_pond,
          uniq_crazy_yiuf_cottage
D:3:      kennysheep_big_flooded_room, layout_rooms,
          nicolae_overflow_crystal_walls, trog_wizard, uniq_grinder
D:4:      layout_cave_pools, serial_glass, glass_columns_c, glass_columns_a,
          chequers_serial_rivers_room_a, kennysheep_generic_room_13
D:5:      layout_basic, grunt_temple_overflow_open
D:6:      layout_cave_pools, temple_hall, serial_shops, shop,
          fedhas_ov_isle_minmay
D:7:      layout_cave_pools, chequers_serial_rivers_room_a
D:8:      layout_rooms, serial_ice, serial_ice_m, serial_ice_d, serial_ice_b,
          serial_ice_n, enter_ossuary_3, minmay_misc_feat_iff,
          okawaru_ov_weapons_minmay
D:9:      layout_layer_cave
D:10:     kennysheep_seaside_town, layout_irregular_city, dpeg_oklobed_lair,
          orc_0_dummy
D:11:     layout_grid_maze, enter_bailey_3, kennysheep_generic_room_7
Lair:1:   layout_misc_corridors, portal_ice_cave_entry_pillars_1
IceCv:    ice_cave_small_dragons

Notes
Turn   | Place    | Note
-------+----------+-------------------------------------------
     0 | D:1      | sanka the Vampire Transmuter began the quest for the Orb.
     0 | D:1      | Reached XP level 1. HP: 14/14 MP: 3/3
    86 | D:1      | Reached XP level 2. HP: 20/20 MP: 3/5
   176 | D:1      | Reached skill level 4 in Unarmed Combat
   300 | D:1      | Learned a level 2 spell: Wereblood
   621 | D:2      | Reached XP level 3. HP: 14/24 MP: 4/6
   771 | D:2      | Reached skill level 5 in Unarmed Combat
   775 | D:2      | Learned a level 3 spell: Spider Form
   847 | D:2      | Found a hide-covered altar of Uskayaw.
  1167 | D:2      | Found a runed translucent door.
  1168 | D:2      | Noticed Crazy Yiuf
  1177 | D:2      | Killed Crazy Yiuf
  1178 | D:2      | Reached skill level 1 in Poison Magic
  1178 | D:2      | Reached XP level 4. HP: 31/31 MP: 3/7
  1255 | D:2      | Reached skill level 3 in Transmutations
  1480 | D:3      | Noticed a centaur
  1489 | D:3      | Killed a centaur
  1490 | D:3      | Reached skill level 2 in Poison Magic
  1490 | D:3      | Reached XP level 5. HP: 7/36 MP: 4/8
  1617 | D:3      | Reached skill level 4 in Transmutations
  1910 | D:3      | Noticed Grinder
  1954 | D:3      | Reached XP level 6. HP: 42/42 MP: 5/9
  1972 | D:3      | Killed Grinder
  1973 | D:3      | Reached skill level 5 in Transmutations
  1973 | D:3      | Reached skill level 3 in Poison Magic
  2045 | D:3      | Reached skill level 4 in Poison Magic
  2045 | D:3      | Reached XP level 7. HP: 43/47 MP: 6/10
  2094 | D:3      | Found a shimmering altar of Xom.
  2340 | D:3      | Reached skill level 6 in Transmutations
  2556 | D:3      | Found a bloodstained altar of Trog.
  2558 | D:3      | Noticed a wizard
  2563 | D:3      | Killed a wizard
  2665 | D:4      | Reached skill level 1 in Fighting
  2828 | D:4      | Reached skill level 3 in Dodging
  3141 | D:5      | Entered Level 5 of the Dungeon
  3427 | D:5      | Found a blossoming altar of Fedhas.
  3428 | D:5      | Found a shimmering blue altar of Sif Muna.
  3448 | D:5      | Reached skill level 4 in Dodging
  3448 | D:5      | Reached skill level 6 in Unarmed Combat
  3458 | D:5      | Found an iron altar of Okawaru.
  3463 | D:5      | Found an opulent altar of Gozag.
  3469 | D:5      | Became a worshipper of Warmaster Okawaru
  3558 | D:5      | Reached XP level 8. HP: 49/54 MP: 7/11
  4172 | D:6      | Found Ottomid's Magic Scroll Shoppe.
  4282 | D:6      | Reached skill level 5 in Dodging
  4306 | D:6      | Found a blossoming altar of Fedhas.
  4354 | D:6      | Reached skill level 1 in Invocations
  4439 | D:6      | Reached skill level 7 in Unarmed Combat
  4461 | D:6      | Found a staircase to the Ecumenical Temple.
  4705 | D:6      | Bought a scroll of blinking for 112 gold pieces
  4705 | D:6      | Bought a scroll of magic mapping for 52 gold pieces
  4705 | D:6      | Bought a scroll of identify for 30 gold pieces
  4705 | D:6      | Bought a scroll of random uselessness for 15 gold pieces
  4772 | D:6      | Reached * piety under Okawaru
  4773 | D:6      | Reached skill level 2 in Invocations
  4853 | D:7      | Reached skill level 6 in Dodging
  5009 | D:7      | Reached skill level 3 in Invocations
  5126 | D:7      | Reached XP level 9. HP: 59/59 MP: 8/12
  5169 | D:7      | Reached ** piety under Okawaru
  5170 | D:7      | Reached skill level 8 in Unarmed Combat
  5456 | D:8      | Reached skill level 7 in Dodging
  5472 | D:8      | Reached skill level 4 in Invocations
  5490 | D:8      | Found an iron altar of Okawaru.
  5511 | D:8      | Reached skill level 9 in Unarmed Combat
  5541 | D:8      | Reached skill level 8 in Dodging
  5612 | D:8      | Found a sand-covered staircase.
  5643 | Ossuary  | Entered an ossuary
  5770 | Ossuary  | Reached *** piety under Okawaru
  6462 | D:8      | Reached skill level 2 in Fighting
  6582 | D:8      | Reached XP level 10. HP: 67/67 MP: 9/13
  6830 | D:9      | Reached skill level 10 in Unarmed Combat
  6836 | D:9      | Reached skill level 9 in Dodging
  6984 | D:9      | Learned a level 3 spell: Ozocubu's Armour
  6986 | D:9      | Learned a level 1 spell: Apportation
  6990 | D:9      | Learned a level 3 spell: Frozen Ramparts
  7400 | D:9      | Reached skill level 3 in Spellcasting
  7865 | D:9      | Reached **** piety under Okawaru
  7956 | D:10     | Entered Level 10 of the Dungeon
  7970 | D:10     | Reached skill level 4 in Spellcasting
  8161 | D:10     | Learned a level 5 spell: Blade Hands
  8309 | D:10     | Reached skill level 5 in Spellcasting
  8484 | D:10     | Reached skill level 3 in Fighting
  8676 | D:10     | Found a staircase to the Orcish Mines.
  8730 | D:10     | Noticed an oklob plant
  8731 | D:10     | Found a staircase to the Lair.
  8747 | D:10     | Killed an oklob plant
  8747 | D:10     | Reached ***** piety under Okawaru
  9145 | D:10     | Received a gift from Okawaru
  9425 | D:10     | Identified a +0 crystal plate armour (You found it on level
                  | 10 of the Dungeon)
 10009 | D:11     | Noticed a two-headed ogre
 10018 | D:11     | Killed a two-headed ogre
 10019 | D:11     | Reached skill level 4 in Fighting
 10019 | D:11     | Reached skill level 7 in Transmutations
 10019 | D:11     | Reached XP level 11. HP: 77/77 MP: 14/19
 10050 | D:11     | Found a flagged portal.
 10059 | Bailey   | Entered a bailey
 10090 | Bailey   | Noticed an orc warlord
 10135 | Bailey   | Found a runed translucent gate.
 10136 | Bailey   | Found a runed translucent gate.
 10137 | Bailey   | Found a runed translucent gate.
 10143 | Bailey   | Noticed an orc knight
 10157 | Bailey   | Killed an orc knight
 10244 | Bailey   | Killed an orc warlord
 10245 | Bailey   | Reached skill level 10 in Dodging
 10245 | Bailey   | Reached skill level 6 in Spellcasting
 10721 | D:11     | Noticed a brown ugly thing
 10734 | D:11     | Killed a brown ugly thing
 10735 | D:11     | Reached skill level 11 in Unarmed Combat
 10797 | D:11     | Noticed an eight-headed hydra
 11313 | D:11     | Killed an eight-headed hydra
 11314 | D:11     | Reached skill level 5 in Fighting
 11628 | D:11     | Got a translucent amethyst amulet
 11780 | D:11     | Identified the amulet "Tupeceen" {*Slow rElec rPois rN+++
                  | Regen+} (You found it on level 11 of the Dungeon)
 11935 | Lair:1   | Entered Level 1 of the Lair of Beasts
 12019 | Lair:1   | Reached skill level 8 in Transmutations
 12173 | Lair:1   | Found a frozen archway.
 12595 | IceCv    | Entered an ice cave
 12661 | IceCv    | Received a gift from Okawaru
 12767 | IceCv    | Reached skill level 6 in Fighting
 12811 | IceCv    | Reached XP level 12. HP: 67/88 MP: 16/21
 12818 | IceCv    | Reached skill level 11 in Dodging
 12853 | IceCv    | Got a transparent arbalest {god gift}
 12860 | IceCv    | Identified the +12 arbalest of Xirui {elec, rElec rF+}
                  | (Okawaru gifted it to you in an ice cave)
 12898 | IceCv    | Engulfed by an ice statue's freezing vapour

Vanquished Creatures
  An orc warlord (Bailey)
  A hydra (D:11)
  A two-headed ogre (D:11)
  An orc knight (Bailey)
  An oklob plant (D:10)
  An ugly thing (D:11)
  An ice statue (IceCv)
  A black mamba (Lair:1)
  2 cane toads (Lair:1)
  2 rime drakes (IceCv)
  A komodo dragon (Lair:1)
  Grinder (D:3)
  A troll (D:11)
  3 blink frogs (Lair:1)
  A wyvern (D:10)
  4 yaks (Lair:1)
  A vampire (D:10)
  A soldier ant (D:11)
  A water moccasin (D:11)
  10 orc warriors
  12 ice beasts
  2 sky beasts
  2 necrophages (D:11)
  A wolf (D:8)
  8 centaurs
  5 phantoms
  11 ogres
  2 kobold brigands (D:10)
  12 bullfrogs
  3 scorpions
  11 killer bees
  5 wights
  5 hounds
  A quasit (D:11)
  4 gnoll shamans (D:10)
  7 orc priests
  3 bullfrog skeletons
  5 jellies
  7 iguanas
  Crazy Yiuf (D:2)
  8 orc wizards
  11 worker ants
  A killer bee zombie (D:5)
  A hound skeleton (D:3)
  A mummy (Ossuary)
  A worker ant zombie (D:5)
  10 gnolls
  14 adders
  3 shadow imps
  2 white imps (D:8)
  An ufetubus (D:8)
  An ooze (D:3)
  2 worms (D:3)
  3 dart slugs
  5 leopard geckos
  54 orcs
  4 spectral bats (Ossuary)
  2 ball pythons
  4 bats
  4 giant cockroaches
  12 gnoll zombies (Ossuary)
  17 goblins
  11 hobgoblins
  17 jackals
  A quokka (D:8)
  2 bat simulacra (Ossuary)
  7 frilled lizards
  3 goblin simulacra (Ossuary)
  5 goblin zombies (Ossuary)
  5 hobgoblin zombies (Ossuary)
  A jackal skeleton (D:4)
  20 kobolds
  3 kobold simulacra (Ossuary)
  2 kobold zombies (Ossuary)
  6 orc zombies (Ossuary)
  A quokka zombie (D:5)
  11 rats
  5 rat simulacra (Ossuary)
  A spectral goblin (Ossuary)
  4 spectral kobolds (Ossuary)
  2 spectral rats (Ossuary)
411 creatures vanquished.

Vanquished Creatures (others)
  A wizard (D:3)
  7 fungi
  5 plants
13 creatures vanquished.

Grand Total: 424 creatures vanquished
